 Seeded DCSS version 0.30.0-29-ga12c61a403 (webtiles) character file.

Game seed: 3473563143988971028 (custom seed)

30601 CInkIbrahim the Cleaver (level 13, -13/115 HPs)
             Began as an Armataur Fighter on June 5, 2023.
             Was an Elder of the Shining One.
             Mangled by a very large slime creature (38 damage)
             ... on level 12 of the Dungeon.
             The game lasted 00:29:10 (11917 turns).

CInkIbrahim the Cleaver (Armataur Fighter)         Turns: 11917, Time: 00:29:11

Health: -13/115    AC: 29    Str: 26    XL:     13   Next: 21%
Magic:  17/17      EV:  6    Int:  6    God:    the Shining One [****..]
Gold:   7          SH:  6    Dex: 16    Spells: 12/12 levels left

rFire   + + +        a - +7 consecrated labrys {holy, Valiant Fragile Fly SInv}
rCold   . . .        c - +0 buckler
rNeg    + + +        b - +4 ring mail of Fedhas's Regard {Rampage Drain rN+++ Int+3}
rPois   +            z - +2 hat {SInv}
rElec   +            y - +2 cloak
rCorr   .            (no gloves)
SInv    +            s - +1 barding {Fly}
Will    .....        L - amulet of the acrobat
Stlth   +            n - ring "Okymatex" {rElec rPois rF+++ Int-4 Dex+6}
HPRegen 0.39/turn    g - +4 ring of protection
MPRegen 0.15/turn

%: acrobat, roll
@: flying, glowing, studying 2 skills
A: large, rugged brown scales 3, deformed body, armoured tail, roll, long
tongue, awkward tongue, dopey 1
a: Renounce Religion, Divine Shield, Cleansing Flame


You were on level 12 of the Dungeon.
You worshipped the Shining One.
The Shining One was greatly pleased with you.
You visited 3 branches of the dungeon, and saw 15 of its levels.
You also visited: Bailey and Gauntlet.

You collected 1020 gold pieces.
You spent 1013 gold pieces at shops.

Inventory:

Hand Weapons
 a - the +7 consecrated labrys (weapon) {holy, Valiant Fragile Fly SInv}
   (You found it on level 2 of the Dungeon)

   Valiant:   It becomes more powerful as more dangerous foes come into view.
   SInv:      It lets you see invisible.
   Fly:       It grants you flight.
   Fragile:   It will be destroyed if unequipped.
Missiles
 D - 34 poisoned darts (quivered)
 E - 5 curare-tipped darts
Armour
 b - the +4 ring mail of Fedhas's Regard (worn) {Rampage Drain rN+++ Int+3}
   (You bought it in a shop on level 12 of the Dungeon)

   Int:       It affects your intelligence (+3).
   rN:        It renders you almost immune to negative energy.
   Drain:     It drains your maximum health when unequipped.
   Rampage:   It bestows one free step when moving towards enemies.
 c - a +0 buckler (worn)
 s - a +1 barding of flying (worn)
 w - a +3 ring mail
 y - a +2 cloak (worn)
 z - a +2 hat of see invisible (worn)
Jewellery
 g - a +4 ring of protection (right hand)
 n - the ring "Okymatex" (left hand) {rElec rPois rF+++ Int-4 Dex+6}
   (You took it off an orc knight on level 11 of the Dungeon)

   [ring of dexterity]

   Int:       It affects your intelligence (-4).
   Dex:       It affects your dexterity (+6).
   rF:        It renders you almost immune to fire.
   rElec:     It insulates you from electricity.
   rPois:     It protects you from poison.
 o - a ring of ice
 r - a ring of willpower
 x - a ring of flight
 K - a ring of fire
 L - an amulet of the acrobat (around neck)
Wands
 h - a wand of light (8)
 k - a wand of charming (4)
 v - a wand of polymorph (11)
 H - a wand of mindburst (23)
 O - a wand of iceblast (13)
Scrolls
 e - 4 scrolls of fog
 i - a scroll of poison
 j - 2 scrolls of blinking
 l - a scroll of silence
 m - 5 scrolls of noise
 G - 5 scrolls of enchant armour
 P - 3 scrolls of fear
 R - a scroll of magic mapping
Potions
 d - 6 potions of heal wounds
 f - a potion of mutation
 p - 3 potions of curing
 q - 6 potions of lignification
 u - a potion of ambrosia
 A - 3 potions of flight
 B - a potion of attraction
 C - a potion of cancellation
 F - a potion of resistance
 I - 3 potions of might
 J - 3 potions of magic
 M - 4 potions of haste
 N - a potion of brilliance


   Skills:
 + Level 8.5 Fighting
 * Level 14.8 Axes
 + Level 13.0 Armour
 - Level 6.3 Shields
 - Level 5.8 Invocations


You had 12 spell levels left.
You didn't know any spells.
Your spell library contained the following spells:

 Spells                   Type           Power      Damage    Failure   Level
 Shock                    Conj/Air       0%         1d3       61%         1
 Summon Small Mammal      Summ           0%         N/A       61%         1
 Ensorcelled Hibernation  Hex/Ice        0%         N/A       75%         2
 Passwall                 Tmut/Erth      0%         N/A       75%         2
 Call Canine Familiar     Summ           0%         N/A       93%         3
 Inner Flame              Hex/Fire       0%         N/A       93%         3
 Spider Form              Tmut/Pois      0%         N/A       93%         3
 Summon Guardian Golem    Hex/Summ       0%         N/A       93%         3
 Swiftness                Air            0%         N/A       93%         3
 Volatile Blastmotes      Fire/Tloc      0%         2d10      93%         3
 Airstrike                Air            0%         2d(0-16)  100%        4
 Anguish                  Hex/Necr       0%         N/A       100%        4
 Flame Wave               Conj/Fire      0%         2d4       100%        4
 Leda's Liquefaction      Hex/Erth       0%         N/A       100%        4
 Petrify                  Tmut/Erth      0%         N/A       100%        4
 Sticky Flame             Conj/Fire      0%         2d3       100%        4
 Metabolic Englaciation   Hex/Ice        0%         N/A       100%        5
 Yara's Violent Unravell  Hex/Tmut       0%         3d3       100%        5
 Statue Form              Tmut/Erth      0%         N/A       100%        6
 Enfeeble                 Hex            0%         N/A       100%        7


Dungeon Overview and Level Annotations

Branches:
Dungeon (13/15)            Temple (1/1) D:4            Lair (0/5) D:9
    Orc (1/2) D:9          Bailey (visited)         Gauntlet (visited)
 Vaults: D:13-14

Altars:
Ashenzari
Cheibriados
Dithmenos
Elyvilon
Fedhas
Gozag
Hepliaklqana
Kikubaaqudgha
Makhleb
Nemelex Xobeh
Okawaru
Qazlal
Ru
Sif Muna
Trog
Uskayaw
Vehumet
Wu Jian
Xom
Yredelemnul
Zin
The Shining One

Shops:
D:2 *   D:12 [?!((

Annotations:
D:3 3 runed translucent doors, Grorgnorb's ghost, amateur OpRe; seaoflcl's ghost, amateur HuFi
D:7 2 transporters, Wentworth's ghost, novice MiFi
D:8 1 runed translucent door, RascalDebosk's ghost, novice DjCj
D:11 3 runed translucent doors, Dadbod's ghost, journeyman FoEE


Innate Abilities, Weirdness & Mutations

You are completely covered in rugged brown scales. (AC +3, +7% HP)
Armour fits poorly on your strangely shaped body.
You have a long armoured tail.
You roll when moving toward enemies. (Rampage)
Your long tongue fully drains potion bottles. (2x potion effects)
Your tongue gives you trouble enunciating. (1.5x scroll delay)
You are dopey. (Int -2)


Message History

You slash the slime creature! You tail-slap the slime creature.
The slime creature is heavily wounded.
The slime creature hits you!
Two slime creatures merge to form a very large slime creature.
A very large slime creature is nearby!
You slice the very large slime creature!!
The very large slime creature is moderately wounded.
A very large slime creature is nearby!
You completely miss the very large slime creature.
You tail-slap the very large slime creature.
The very large slime creature is moderately wounded.
The very large slime creature hits you!!!
A very large slime creature is nearby!
You are too injured to fight recklessly!
A very large slime creature is nearby!
You are too injured to fight recklessly!
A very large slime creature is nearby!
You are too injured to fight recklessly!
A very large slime creature is nearby!
You are too injured to fight recklessly!
A very large slime creature is nearby!
You are too injured to fight recklessly!
A very large slime creature is nearby!
You are too injured to fight recklessly!
A very large slime creature is nearby!
You are too injured to fight recklessly!
You slash the very large slime creature!
The very large slime creature is moderately wounded.
You slice the very large slime creature!!
The very large slime creature is heavily wounded.
You block the very large slime creature's attack.
You carve the very large slime creature like a ham!!!
You tail-slap the very large slime creature!
The very large slime creature is almost dead.
The very large slime creature hits you!!
* * * LOW HITPOINT WARNING * * *
You slash the very large slime creature!
The very large slime creature is almost dead.
The very large slime creature hits you!!!
You die...

.JJ.. #..##### #
#..#...# # # ..#.∩.# #
#...#...# # #.#.#.>.# #
...#...# # # #J#####.# #
####@...^# ##########
#......### #.......##
##.##..#### #.#####.##
...........###.##.....∩
#..................##.#.
#.##.#..###.###.#####.##
# #..... #.# #.#####.#.
###... #.###.........
#...##......###.##.


You could see a very large slime creature.

Vanquished Creatures
  Gastronok (D:9)
  A minotaur (Gauntlet)
  Erolcha (D:12)
  A rakshasa (D:11)
  A hydra (D:13)
  A centaur warrior (D:11)
  2 boulder beetles
  10 two-headed ogres
  2 skeletal warriors (D:11)
  2 wizards (Gauntlet)
  Pikel (D:4)
  An orc knight (D:11)
  2 ugly things
  A cyclops (D:11)
  A deep elf pyromancer (D:12)
  A manticore (D:12)
  A worldbinder (Gauntlet)
  A smoke demon (Gauntlet)
  Maurice (D:9)
  3 unseen horrors
  2 kobold demonologists (D:11)
  2 komodo dragons
  A red devil (Gauntlet)
  A troll (D:12)
  Grinder (D:5)
  A meliai (D:11)
  A hornet (D:10)
  Prince Ribbit (D:9)
  A slime creature (D:12)
  Sigmund (D:4)
  2 vampires (D:11)
  3 shadows
  4 wraiths
  Grum (D:9)
  5 yaks
  A steam dragon (D:8)
  A vampire mosquito (D:11)
  An acid dragon (D:9)
  A water moccasin (D:9)
  A black bear (D:5)
  25 orc warriors
  2 ice beasts (D:5)
  A sky beast (D:7)
  3 boggarts (Gauntlet)
  2 wolves (D:9)
  An ogre (D:5)
  13 centaurs
  2 lemures (D:4)
  2 phantoms
  7 kobold brigands
  Blork the orc (D:4)
  A gnoll sergeant (D:12)
  A scorpion (D:6)
  2 bullfrogs
  3 wights (D:7)
  12 howler monkeys
  2 crimson imps (Gauntlet)
  A quasit (D:6)
  2 jellies
  7 hounds
  A gnoll bouda (D:6)
  10 orc priests
  A sleepcap (D:5)
  2 iguanas
  15 orc wizards
  A mummy (D:6)
  18 gnolls
  5 adders
  3 shadow imps (Gauntlet)
  4 white imps
  An ufetubus (D:6)
  3 worms
  A dart slug (D:3)
  78 orcs
  5 bats
  7 endoplasms
  7 giant cockroaches
  7 goblins
  8 hobgoblins
  14 jackals
  7 quokkas
  7 ball pythons
  4 frilled lizards
  2 goblin skeletons (D:6)
  2 goblin zombies (D:6)
  2 hobgoblin zombies (D:6)
  62 kobolds
  2 kobold zombies (D:6)
  An orc skeleton (D:6)
  A rat (D:3)
438 creatures vanquished.

Vanquished Creatures (others)
  A howler monkey (D:9)
1 creature vanquished.

Grand Total: 439 creatures vanquished

Notes
Turn   | Place    | Note
-------+----------+-------------------------------------------
     0 | D:1      | CInkIbrahim the Armataur Fighter began the quest for the
                  | Orb.
     0 | D:1      | Reached XP level 1. HP: 19/19 MP: 1/1
    81 | D:1      | Reached skill level 2 in Axes
    86 | D:1      | Reached XP level 2. HP: 21/26 MP: 2/2
   281 | D:1      | Found a faded altar of an unknown god.
   367 | D:1      | Reached XP level 3. HP: 32/32 MP: 3/3
   473 | D:2      | Found the +4 consecrated labrys {holy, Valiant Fragile Fly
                  | SInv}
   490 | D:2      | Found Liezacik's General Store.
   504 | D:2      | Bought a scroll of identify for 26 gold pieces
   581 | D:2      | Reached skill level 3 in Axes
   662 | D:2      | Reached XP level 4. HP: 39/39 MP: 4/4
   941 | D:2      | Found a hide-covered altar of Uskayaw.
  1147 | D:2      | Bought a potion of lignification for 39 gold pieces
  1392 | D:3      | Reached skill level 4 in Axes
  1515 | D:3      | Found a radiant altar of Vehumet.
  1590 | D:3      | Reached XP level 5. HP: 42/44 MP: 5/5
  1849 | D:3      | Found a runed translucent gate.
  1850 | D:3      | Found a runed translucent gate.
  1851 | D:3      | Found a runed translucent gate.
  1852 | D:3      | Noticed Grorgnorb's ghost (amateur OpRe)
  1853 | D:3      | Noticed seaoflcl's ghost (amateur HuFi)
  2113 | D:3      | Reached skill level 5 in Axes
  2113 | D:3      | Reached XP level 6. HP: 38/53 MP: 6/6
  2321 | D:3      | Reached skill level 6 in Axes
  2463 | D:3      | Reached XP level 7. HP: 51/59 MP: 7/7
  3085 | D:4      | Noticed Sigmund
  3087 | D:4      | Killed Sigmund
  3088 | D:4      | Reached skill level 7 in Axes
  3394 | D:4      | Found a staircase to the Ecumenical Temple.
  3411 | Temple   | Entered the Ecumenical Temple
  3628 | D:4      | Noticed Blork the orc
  3633 | D:4      | Noticed Pikel
  3633 | D:4      | Killed Blork the orc
  3645 | D:4      | Killed Pikel
  3646 | D:4      | Reached skill level 8 in Axes
  3646 | D:4      | Reached XP level 8. HP: 28/66 MP: 8/8
  4085 | D:5      | Entered Level 5 of the Dungeon
  4085 | D:5      | Noticed Grinder
  4089 | D:5      | Killed Grinder
  4090 | D:5      | Reached skill level 9 in Axes
  4190 | D:5      | Reached skill level 10 in Axes
  4190 | D:5      | Reached XP level 9. HP: 72/72 MP: 9/9
  4867 | D:6      | Found a glowing golden altar of the Shining One.
  4881 | D:6      | Became a worshipper of the Shining One
  5153 | D:6      | Reached skill level 11 in Axes
  5278 | D:6      | Reached * piety under the Shining One
  5510 | D:7      | Noticed a moth of wrath
  5512 | D:7      | Found a bloodstained altar of Trog.
  5512 | D:7      | Noticed Wentworth's ghost (novice MiFi)
  5516 | D:7      | Found a transporter.
  5526 | D:7      | Found a transporter.
  5540 | D:7      | Noticed a two-headed ogre
  5547 | D:7      | Found a stormy altar of Qazlal.
  5718 | D:8      | Noticed a two-headed ogre
  5723 | D:7      | Killed a two-headed ogre
  5775 | D:8      | Reached skill level 5 in Armour
  5777 | D:8      | Reached XP level 10. HP: 83/83 MP: 10/10
  5811 | D:8      | Found a flagged portal.
  5820 | Bailey   | Entered a bailey
  6114 | Bailey   | Reached skill level 5 in Shields
  6630 | Bailey   | Reached skill level 12 in Axes
  7014 | D:8      | Noticed a two-headed ogre
  7016 | D:8      | Reached skill level 5 in Fighting
  7023 | D:8      | Killed a two-headed ogre
  7452 | D:8      | Found a runed translucent door.
  7454 | D:8      | Identified the +2 spear of the Ghost {drain, Fragile rC+++
                  | Int+5}
  7457 | D:8      | Reached ** piety under the Shining One
  7459 | D:8      | Noticed RascalDebosk's ghost (novice DjCj)
  7759 | D:9      | Reached XP level 11. HP: 94/94 MP: 11/11
  7777 | D:9      | Noticed Maurice
  7778 | D:9      | Found a sacrificial altar of Ru.
  7786 | D:9      | Killed Maurice
  7796 | D:9      | Noticed Grum
  7801 | D:9      | Killed Grum
  7808 | D:9      | Noticed Prince Ribbit
  7812 | D:9      | Killed Prince Ribbit
  8020 | D:9      | Noticed Gastronok
  8029 | D:9      | Killed Gastronok
  8254 | D:9      | Found a staircase to the Orcish Mines.
  8275 | D:9      | Found a snail-covered altar of Cheibriados.
  8308 | D:9      | Found a staircase to the Lair.
  8350 | D:9      | Found a shimmering blue altar of Sif Muna.
  8350 | D:9      | Found a blossoming altar of Fedhas.
  8359 | D:9      | Found a sparkling altar of Nemelex Xobeh.
  8361 | D:9      | Found a white marble altar of Elyvilon.
  8363 | D:9      | Found a faded altar of an unknown god.
  8540 | D:10     | Entered Level 10 of the Dungeon
  8558 | D:10     | Reached skill level 13 in Axes
  8627 | Orc:1    | Entered Level 1 of the Orcish Mines
  8632 | Orc:1    | Reached skill level 1 in Invocations
  8675 | D:10     | Noticed a two-headed ogre
  8681 | D:10     | Killed a two-headed ogre
  9051 | D:10     | Identified a scroll of acquirement
  9052 | D:10     | Acquired a manual of Armour
  9144 | D:10     | Found a shadowy altar of Dithmenos.
  9411 | D:11     | Noticed a two-headed ogre
  9421 | D:10     | Killed a two-headed ogre
  9551 | D:11     | Noticed a two-headed ogre
  9555 | D:11     | Killed a two-headed ogre
  9599 | D:11     | Noticed a two-headed ogre
  9602 | D:11     | Killed a two-headed ogre
  9624 | D:11     | Reached XP level 12. HP: 45/103 MP: 12/14
  9630 | D:11     | Identified the +2 halberd "Vaide" {heavy, Str+3}
  9630 | D:11     | Noticed a centaur warrior
  9793 | D:11     | Noticed a rakshasa
  9798 | D:11     | Noticed a two-headed ogre
  9801 | D:11     | Killed a centaur warrior
  9804 | D:11     | Killed a rakshasa
  9805 | D:11     | Reached skill level 10 in Armour
  9806 | D:11     | Killed a two-headed ogre
  9810 | D:11     | Gained mutation: You are dopey. (Int -2) [a neqoxec]
  9816 | D:11     | Noticed a two-headed ogre
  9820 | D:11     | Identified the ring "Okymatex" {rElec rPois rF+++ Int-4
                  | Dex+6}
  9823 | D:11     | Killed a two-headed ogre
  9834 | D:11     | Noticed a boulder beetle
  9838 | D:11     | Reached *** piety under the Shining One
  9855 | D:11     | Killed a boulder beetle
  9856 | D:11     | Reached skill level 14 in Axes
 10147 | D:11     | Found a runed translucent gate.
 10147 | D:11     | Noticed Dadbod's ghost (journeyman FoEE)
 10148 | D:11     | Found a runed translucent gate.
 10149 | D:11     | Found a runed translucent gate.
 10208 | D:11     | Noticed a two-headed ogre
 10214 | D:11     | Killed a two-headed ogre
 10362 | D:11     | Reached skill level 5 in Invocations
 10366 | D:11     | You are sucked into a shaft and drop 2 floors!
 10372 | D:13     | Noticed a four-headed hydra
 10382 | D:13     | Killed a ten-headed hydra
 10517 | D:12     | Found Juaq's Antique Armour Emporium.
 10520 | D:12     | Bought an ichor-stained ring mail for 198 gold pieces
 10520 | D:12     | Identified the +4 ring mail of Fedhas's Regard {Rampage
                  | Drain rN+++ Int+3} (You bought it in a shop on level 12 of
                  | the Dungeon)
 10520 | D:12     | Bought a glowing barding for 572 gold pieces
 10575 | D:12     | Found Yduirow's Weapon Emporium.
 10601 | D:12     | Noticed Erolcha
 10606 | D:12     | Killed Erolcha
 10642 | D:12     | Found a gate leading to a gauntlet.
 10664 | Gauntlet | Entered a Gauntlet
 10664 | Gauntlet | Found a transporter.
 10676 | Gauntlet | Found a transporter.
 10690 | Gauntlet | Found a transporter.
 10695 | Gauntlet | Found a transporter.
 10716 | Gauntlet | Found a transporter.
 10729 | Gauntlet | Found a transporter.
 10741 | Gauntlet | Found a transporter.
 10745 | Gauntlet | Reached **** piety under the Shining One
 10749 | Gauntlet | Found a large runed translucent door.
 10750 | Gauntlet | Found a large runed translucent door.
 10751 | Gauntlet | Found a large runed translucent door.
 10751 | Gauntlet | Found a large runed translucent door.
 10752 | Gauntlet | Found a runed translucent gate.
 10753 | Gauntlet | Found a transporter.
 10753 | Gauntlet | Found a runed translucent gate.
 10754 | Gauntlet | Found a runed translucent gate.
 10755 | Gauntlet | Found a large runed translucent door.
 10755 | Gauntlet | Found a large runed translucent door.
 10755 | Gauntlet | Noticed a dire elephant
 10756 | Gauntlet | Found a large runed translucent door.
 10757 | Gauntlet | Found a large runed translucent door.
 10761 | Gauntlet | Noticed a green death
 10765 | Gauntlet | Found a transporter.
 10780 | Gauntlet | Found a transporter.
 10794 | Gauntlet | Found a transporter.
 10812 | Gauntlet | Found a transporter.
 10814 | Gauntlet | Found a transporter.
 10839 | Gauntlet | Found a transporter.
 10841 | Gauntlet | Found a transporter.
 10861 | Gauntlet | Found a transporter.
 10939 | Gauntlet | Found a transporter.
 10955 | Gauntlet | Found a large runed translucent door.
 10955 | Gauntlet | Found a large runed translucent door.
 10955 | Gauntlet | Found a runed translucent door.
 10955 | Gauntlet | Found a runed translucent door.
 10956 | Gauntlet | Found a large runed translucent door.
 10957 | Gauntlet | Found a large runed translucent door.
 10959 | Gauntlet | Found a transporter.
 10975 | Gauntlet | Found a large runed translucent door.
 10975 | Gauntlet | Found a large runed translucent door.
 10976 | Gauntlet | Found a large runed translucent door.
 10977 | Gauntlet | Found a large runed translucent door.
 11315 | Gauntlet | Noticed a minotaur
 11323 | Gauntlet | Killed a minotaur
 11324 | Gauntlet | Reached XP level 13. HP: 93/114 MP: 14/17
 11378 | Gauntlet | Identified the staff of poison "Towodd" {Fragile rPois rF+
                  | rN+ Str+2}
 11378 | Gauntlet | Identified the +0 pair of boots "Laeczya" {+Blink Int+6
                  | Dex-5}
 11379 | Gauntlet | Got the Treatise on Orogeny and Conflagration
 11395 | D:12     | Found Busirue's Weapon Emporium.
 11733 | D:12     | Found Esaju's Magic Scroll Shop.
 11738 | D:12     | Bought a scroll of identify for 28 gold pieces
 11739 | D:12     | Bought a scroll of blinking for 105 gold pieces
 11880 | D:12     | Found Cuuwk's Distillery.
 11889 | D:12     | Bought a potion of curing for 45 gold pieces
 11917 | D:12     | Mangled by a very large slime creature

Illustrated notes

Levels and vault maps discovered:
D:1:      dpeg_arrival_arbitrary_a, layout_rooms, ebering_ecumenical_altar_box,
          minmay_worlds_worst_comb
D:2:      layout_loops_ring, serial_shops, shop, basic_altar
D:3:      minmay_goblin_kobold_castle, layout_loops_ring, amcnicky_altar_gilded,
          gammafunk_ghost_cemetery, dk_vineyard_3, minmay_circle_x
D:4:      layout_loops_ring, minmay_temple_entry_junction, uniq_blork_the_orc,
          uniq_sigmund, uniq_pikel
D:5:      layout_cave_pools, columned_hall_lemuel, uniq_grinder
D:6:      layout_rooms, nicolae_tso_besieged_by_evil, minmay_mini_ossuary
D:7:      layout_basic, mainiacjoe_overflow_cross_hatched,
          gammafunk_ghost_wrathful_warriors, serial_shops,
          nicolae_shop_statue_plus, uniq_menkaure
D:8:      layout_cave_pools, ebering_ghost_funeral_grove, enter_bailey_2,
          minmay_manual_maat
D:9:      layout_roguey, slow_altar_2, nicolae_ru_awakened_eye,
          chequers_temple_overflow_minitemple, david_lair_shrubbed, david_orc_3,
          uniq_gastronok, uniq_maurice, uniq_grum, uniq_prince_ribbit1
D:10:     layout_rooms, grunt_dithmenos_shadows
D:11:     hangedman_cross_cluster, layout_cave_pools, biasface_ghost_orc_armoury
D:12:     layout_loops_cross, gauntlet_entry_generic, serial_shops,
          nicolae_stop_n_shop_1, nicolae_take_the_stairs,
          nicolae_shop_real_fake_doors, shop, shop, uniq_erolcha
D:13:     layout_rooms, skrybe_vaults_entry_preservation, chequers_garden,
          nicolae_gozag_cash_rules_everything_around_me, uniq_kirke, uniq_sonja
Temple:   nicolae_temple_slightly_damp_pantheon
Orc:1:    layout_caves, nicolae_orc_pool_cavern

Skill      XL: |  1  2  3  4  5  6  7  8  9 10 11 12 13 |
---------------+----------------------------------------+-----
Axes           | 2 3 4 5 6 8 10 11 12 13 14 | 14.8
Armour         | 5 7 9 12 13 | 13.0
Fighting       | 3 5 6 8 |  8.5
Shields        | 4 6 |  6.3
Invocations    | 3 5 |  5.8

Action                     |  1- 3 |  4- 6 |  7- 9 | 10-12 | 13-15 || total
---------------------------+-------+-------+-------+-------+-------++-------
  Melee: War axe           |    40 |       |       |       |       ||    40
         Tailslap          |     6 |    10 |    22 |    73 |     9 ||   120
         Labrys            |     9 |   169 |   220 |   391 |    53 ||   842
 Invoke: Divine Shield     |       |       |       |     4 |       ||     4
  Evoke: Wand              |       |       |       |     1 |       ||     1
    Use: Scroll            |     1 |     2 |    17 |     9 |     1 ||    30
         Potion            |       |     1 |     2 |     9 |       ||    12
 Armour: Scale mail        |    36 |    28 |       |       |       ||    64
         Ring mail         |       |    73 |   109 |   173 |    27 ||   382
  Dodge: Dodged            |    27 |    55 |    65 |   136 |    16 ||   299
  Block: Buckler           |     7 |    33 |    23 |    91 |     7 ||   161
